 Dungeon Crawl Stone Soup version 0.28.0-53-g5a82cb258f (console) character file.

Game seed: 10876932171883714496

147 erker the Sneak (level 5, -3/31 HPs)
             Began as an Octopode Earth Elementalist on July 9, 2022.
             Slain by a phantom (6 damage)
             ... on level 4 of the Dungeon.
             The game lasted 00:06:17 (4232 turns).

erker the Sneak (Octopode Earth Elementalist)       Turns: 4232, Time: 00:06:17

Health: -3/31      AC:  1    Str:  7    XL:     5   Next: 29%
Magic:  4/8        EV: 13    Int: 20    God:
Gold:   161        SH:  0    Dex: 12    Spells: 5/8 levels left

rFire   . . .      SeeInvis .   c - +0 dagger
rCold   . . .      Faith    .   (no shield)
rNeg    . . .      Spirit   .   (helmet restricted)
rPois   .          Reflect  .   (no amulet)
rElec   .          Harm     .   (no ring)
rCorr   .          Rampage  .   (no ring)
Will    .....                   (no ring)
Stlth   +++.......              (no ring)
HPRegen 0.10/turn               (no ring)
MPRegen 0.11/turn               (no ring)
                                (no ring)
                                (no ring)

@: no status effects
A: almost no armour, amphibious, 8 rings, camouflage 1, gelatinous body 1,
(nimble swimmer 1), tentacles
a: no special abilities


You were on level 4 of the Dungeon.
You visited 1 branch of the dungeon, and saw 4 of its levels.

You collected 161 gold pieces.

Inventory:

Hand Weapons
 c - a +0 dagger (weapon)
 g - a +0 rapier
Missiles
 b - 62 stones
Scrolls
 d - 3 scrolls of identify {unknown}
 e - 4 scrolls of immolation {unknown}
 f - 2 scrolls of teleportation {unknown}
 h - a scroll of vulnerability {unknown}
 j - a scroll of noise {unknown}
Potions
 a - a potion of curing {unknown}
 i - a potion of heal wounds {unknown}
 k - a potion of mutation {unknown}


   Skills:
 - Level 2.0 Short Blades
 - Level 2.0 Dodging
 - Level 4.0 Stealth
 - Level 2.0 Spellcasting
 + Level 2.9 Transmutations
 - Level 4.0 Earth Magic


You had 5 spell levels left.
You knew the following spells:

 Your Spells              Type           Power      Damage    Failure   Level
a - Sandblast             Erth           36%        2d10      3%          1
w - Passwall              Tmut/Erth      12%        N/A       6%          2

Your spell library contained the following spells:

 Spells                   Type           Power      Damage    Failure   Level
 Stone Arrow              Conj/Erth      20%        3d8       21%         3
 Petrify                  Tmut/Erth      15%        N/A       36%         4


Dungeon Overview and Level Annotations

Branches:
Dungeon (4/15)
 Temple: D:4-7

Altars:
Okawaru
Zin

Annotations:
D:2 Sigmund


Innate Abilities, Weirdness & Mutations

You cannot wear most types of armour.
You are amphibious.
You can wear up to eight rings at the same time.
Your skin changes colour to match your surroundings (Stealth+).
Your rubbery body absorbs attacks. (AC +1, EV +1)
((You are camouflaged when in or above water. (Stealth+)))
You have tentacles for arms and can constrict up to eight enemies at once.


Message History

You see here a scroll labelled CYRAPPUTO.
Unknown command.
Unknown command.
Unknown command.
You see here a scroll labelled CYRAPPUTO.
There is a stone staircase leading up here.
Casting: Sandblast (safe; 3% risk of failure)
Confirm with . or Enter, or press ? or * to list all spells.
Aiming: Sandblast (safe; 3% risk of failure)
Press: ? - help, Shift-Dir - straight line, f - phantom
Aim: a phantom (71% to hit)
The blast of sand misses the phantom.
The phantom hits you.
Casting: Sandblast (safe; 3% risk of failure)
Confirm with . or Enter, or press ? or * to list all spells.
Aiming: Sandblast (safe; 3% risk of failure)
Press: ? - help, Shift-Dir - straight line, f/p - phantom
Aim: a phantom (71% to hit)
The blast of sand hits the phantom.
The phantom is moderately damaged.
The phantom hits you!
The phantom blinks!
You blink.
Casting: Sandblast (safe; 3% risk of failure)
Confirm with . or Enter, or press ? or * to list all spells.
Aiming: Sandblast (safe; 3% risk of failure)
Press: ? - help, Shift-Dir - straight line, f/p - phantom
Aim: a phantom (moderately damaged, 71% to hit)
The blast of sand hits the phantom but does no damage.
The phantom is moderately damaged.
The phantom hits you.
Casting: Sandblast (safe; 3% risk of failure)
Confirm with . or Enter, or press ? or * to list all spells.
Aiming: Sandblast (safe; 3% risk of failure)
Press: ? - help, Shift-Dir - straight line, f/p - phantom
Aim: a phantom (lightly damaged, 71% to hit)
The blast of sand hits the phantom!
The phantom is heavily damaged.
The phantom hits you!
* * * LOW HITPOINT WARNING * * *
The phantom blinks!
You blink.
The phantom hits you.
You die...

...#.#........####...?....#
###.......## ##......##
##......# #.....## ##.....#
#......## ##......##
##....†..#
#........####........#
#....................#
#....................#
.#####..##..@.......##..##
.........#..W.......#..##
#######<..............##
....>..........#.....##
########......###...##
##...### #### #####


You could see a phantom.

Vanquished Creatures
  A hound (D:2)
  3 adders (D:3)
  6 worms
  2 dart slugs
  3 orcs (D:3)
  5 endoplasms
  2 giant cockroaches
  4 goblins
  4 hobgoblins
  5 jackals (D:3)
  7 kobolds
  3 quokkas
  3 ball pythons
  6 bats
  4 frilled lizards (D:2)
  8 rats
66 creatures vanquished.

Vanquished Creatures (others)
  A plant (D:2)
1 creature vanquished.

Grand Total: 67 creatures vanquished

Notes
Turn   | Place    | Note
-------+----------+-------------------------------------------
     0 | D:1      | erker the Octopode Earth Elementalist began the quest for
                  | the Orb.
     0 | D:1      | Reached XP level 1. HP: 11/11 MP: 3/3
   774 | D:1      | Reached XP level 2. HP: 14/17 MP: 5/5
   908 | D:1      | Found a faded altar of an unknown god.
   923 | D:1      | Reached skill level 1 in Short Blades
  1236 | D:2      | Learned a level 2 spell: Passwall
  1618 | D:2      | Reached XP level 3. HP: 21/21 MP: 6/6
  2034 | D:2      | Noticed Sigmund
  2636 | D:2      | Reached XP level 4. HP: 22/27 MP: 4/7
  2835 | D:3      | Found an iron altar of Okawaru.
  2935 | D:3      | Found a glowing silver altar of Zin.
  3305 | D:3      | Reached XP level 5. HP: 31/31 MP: 6/8
  4192 | D:4      | Noticed a phantom
  4232 | D:4      | Slain by a phantom

Illustrated notes

Levels and vault maps discovered:
D:1:      minmay_arrival_solitary_statue, layout_basic,
          ebering_ecumenical_altar_petrified, minmay_tetromino_t2
D:2:      layout_basic, minmay_misc_feat_cross, serial_bayou_lake_a,
          uniq_sigmund
D:3:      layout_basic, kennysheep_okawaru_gauntlet, mainiacjoe_overflow_catwalk
D:4:      layout_loops_ring, minmay_temple_entry_statues_fountains,
          serial_shops, shop, kennysheep_decorative_pillar

Skill      XL: |  1  2  3  4 |
---------------+-------------+-----
Stealth        | 3 4 |  4.0
Short Blades   | 1 2 |  2.0
Earth Magic    | 4 |  4.0
Transmutations | 2 |  2.9
Dodging        | |  2.0
Spellcasting   | |  2.0

Action                   |  1- 3 |  4- 6 || total
-------------------------+-------+-------++-------
Melee: Dagger            |    61 |    57 ||   118
       Unarmed           |     4 |       ||     4
       Constrict         |    14 |    18 ||    32
       Tentacles         |    13 |     9 ||    22
       Punch             |       |     1 ||     1
 Cast: Sandblast         |    13 |    17 ||    30
       Passwall          |     3 |     1 ||     4
 Stab: Sleeping          |    11 |     7 ||    18
Armor: Skin              |     4 |     5 ||     9
Dodge: Dodged            |    29 |    30 ||    59
